 Dungeon Crawl Stone Soup version 0.28-a0-1568-g77cbbf62ba (webtiles) character file.

Game seed: 16905791631561747356

411 Ijustatesigmund the Cudgeller (level 6, -1/56 HPs)
             Began as a Minotaur Fighter on Jan 20, 2022.
             Was an Initiate of Elyvilon.
             Slain by an orc (6 damage)
             ... on level 4 of the Dungeon.
             The game lasted 00:10:41 (4219 turns).

Ijustatesigmund the Cudgeller (Minotaur Fighter)    Turns: 4219, Time: 00:10:42

Health: -1/56      AC: 13    Str: 21 (23) XL:     6   Next: 58%
Magic:  5/5        EV:  6    Int:  4 (5)  God:    Elyvilon [......]
Gold:   65         SH:  0    Dex:  7 (9)  Spells: 5/5 levels left

rFire   + . .      SeeInvis .   a - +0 morningstar
rCold   . . .      Faith    .   c - +1 kite shield
rNeg    . . .      Spirit   .   b - +0 chain mail
rPois   .          Reflect  .   (helmet restricted)
rElec   .          Harm     .   n - +2 cloak
rCorr   .          Rampage  .   (no gloves)
Will    .....                   f - +0 pair of boots
Stlth   ..........              (no amulet)
HPRegen 0.18/turn               m - ring of protection from fire
MPRegen 0.09/turn               (no ring)

@: confused, mighty
A: horns 2, retaliatory headbutt
a: Renounce Religion


You were on level 4 of the Dungeon.
You worshipped Elyvilon.
Elyvilon was noncommittal.
You visited 1 branch of the dungeon, and saw 4 of its levels.

You collected 65 gold pieces.

Inventory:

Hand Weapons
 a - a +0 morningstar (weapon)
Missiles
 p - a throwing net (quivered)
Armour
 b - a +0 chain mail (worn)
 c - a +1 kite shield (worn)
 f - a +0 pair of boots (worn)
 n - a +2 cloak (worn)
Jewellery
 k - a ring of willpower
 l - a +6 ring of intelligence
 m - a ring of protection from fire (left hand)
Scrolls
 e - 2 scrolls of identify
 i - a scroll of teleportation {unknown}
Potions
 o - 2 potions of brilliance


   Skills:
 + Level 5.5 Fighting
 + Level 5.7 Maces & Flails
 - Level 3.6 Armour
 - Level 2.4 Dodging
 + Level 4.7 Shields
 + Level 1.3 Invocations


You had 5 spell levels left.
You didn't know any spells.
Your spell library was empty.

Dungeon Overview and Level Annotations

Branches:
Dungeon (4/15)
 Temple: D:4-7

Altars:
Ashenzari
Elyvilon
Nemelex Xobeh
Trog


Innate Abilities, Weirdness & Mutations

You have a pair of horns on your head.
You reflexively headbutt those who attack you in melee.


Message History

You hear some strange, mumbled words.
A puff of flame appears from out of thin air!
The puff of flame hits you but does no damage.
You barely miss something.
The orc throws a stone.
The stone hits you.
* * * LOW HITPOINT WARNING * * *
Something hits you but does no damage. The orc hits you but does no damage.
You barely miss something. Your headbutt misses something.
Something hits you but does no damage. The orc barely misses you.
Something hits you but does no damage.
You miss something. Your headbutt misses something.
The orc throws a stone.
The stone hits you but does no damage. Something hits you but does no damage.
You closely miss something.
The orc throws a stone.
You block the stone. Something hits you.
* * * LOW HITPOINT WARNING * * *
The orc hits you from afar with a +0 trident.
* * * LOW HITPOINT WARNING * * *
You miss something. Your headbutt misses something.
Something completely misses you. You block the orc's attack.
Something hits you but does no damage.
An orc wizard appears from thin air!
Reactivating autopickup.
The orc throws a stone.
The stone hits you but does no damage. The orc wizard casts a spell at you.
You are confused.
The orc throws a stone.
The stone barely misses you.
You bump into the rock wall.
Non-targeted confused throw: 2 throwing nets
Press: ? - help, Q - select action Dir - look around, f - activate Look: an orc wizard, wielding a +0 dagger, wearing a +0 robe and wearing a ring of fire (almost dead)
You throw a throwing net. You closely miss the orc wizard.
The orc wizard is almost dead.
The orc wizard hits you but does no damage.
The orc throws a stone.
The stone barely misses you.
The orc throws a stone.
The stone hits you but does no damage. The orc wizard closely misses you.
You barely miss the orc wizard.
The orc wizard is almost dead.
The orc wizard completely misses you.
The orc hits you from afar with a +0 trident.
You die...

... ###.##.######
#..###..)........##
.................##
##...............#
###...............#
#.................#
...#..o............#
. #..o......).....#
..<
##@.......)....##
....###..(..#.)...##
##.....###########
#.......<..####
#.#....###†...######
# ###### ####.#....#
#....<.# ###.†...#
#########.....).#


You could see an orc wizard and an orc.

Vanquished Creatures
  A centaur (D:3)
  An orc priest (D:4)
  Natasha (thrice) (D:2)
  Robin (D:2)
  8 gnolls
  7 adders
  A dart slug (D:1)
  An orc (D:3)
  7 ball pythons
  4 endoplasms
  4 giant cockroaches
  16 goblins
  10 hobgoblins
  6 jackals
  2 quokkas (D:2)
  4 bats
  2 frilled lizards
  A kobold (D:1)
  3 rats
82 creatures vanquished.

Vanquished Creatures (others)
  2 plants (D:3)
2 creatures vanquished.

Grand Total: 84 creatures vanquished

Notes
Turn   | Place    | Note
-------+----------+-------------------------------------------
     0 | D:1      | Ijustatesigmund the Minotaur Fighter began the quest for
                  | the Orb.
     0 | D:1      | Reached XP level 1. HP: 19/19 MP: 0/0
   259 | D:1      | Reached XP level 2. HP: 27/27 MP: 1/1
   453 | D:1      | Reached skill level 1 in Dodging
   760 | D:1      | Reached XP level 3. HP: 23/33 MP: 2/2
  1177 | D:2      | Noticed Robin
  1409 | D:1      | HP: 1/33 [goblin[Robin] (4)]
  1767 | D:2      | Reached XP level 4. HP: 23/40 MP: 3/3
  1980 | D:2      | Killed Robin
  2163 | D:2      | Noticed Natasha
  2171 | D:2      | Killed Natasha
  2195 | D:2      | Noticed Natasha
  2203 | D:2      | Killed Natasha
  2317 | D:2      | Reached XP level 5. HP: 46/47 MP: 4/4
  2435 | D:2      | Found a faded altar of an unknown god.
  2722 | D:3      | Noticed a centaur
  2731 | D:3      | Killed a centaur
  2732 | D:3      | Reached skill level 5 in Fighting
  2732 | D:3      | Reached skill level 5 in Maces & Flails
  2793 | D:3      | Found a white marble altar of Elyvilon.
  2848 | D:3      | Became a worshipper of Elyvilon the Healer
  2990 | D:3      | Found a broken altar of Ashenzari.
  3019 | D:3      | Found a sparkling altar of Nemelex Xobeh.
  3105 | D:3      | Found a bloodstained altar of Trog.
  3210 | D:2      | Noticed Natasha
  3218 | D:2      | Killed Natasha
  3219 | D:2      | Reached XP level 6. HP: 56/56 MP: 5/5
  3623 | D:3      | Reached * piety under Elyvilon
  3840 | D:4      | Reached skill level 1 in Invocations
  4219 | D:4      | Slain by an orc

Illustrated notes

Levels and vault maps discovered:
D:1:      giann_horns, layout_loops_ring, chequers_arboretum,
          roderic_filled_cross, minmay_misc_feat_iff
D:2:      layout_rooms, chequers_ecumenical_altar_simple_redux,
          serial_park_tiny_1, minivault_24, uniq_robin, uniq_natasha
D:3:      layout_basic, nicolae_ashenzari_skybound, old_standard_altar,
          lemuel_doored_altar, mainiacjoe_overflow_catwalk, serial_bayou,
          serial_bayou_lake_a, serial_bayou_shore_b, serial_bayou_lagoon_b,
          serial_bayou_pond_a
D:4:      layout_rooms, uniq_eustachio

Skill      XL: |  1  2  3  4  5  6 |
---------------+-------------------+-----
Maces & Flails | 3 4 5 |  5.7
Dodging        | 1 2 |  2.4
Fighting       | 4 5 |  5.5
Shields        | 4 |  4.7
Invocations    | 1 |  1.3
Armour         | |  3.6

Action                   |  1- 3 |  4- 6 || total
-------------------------+-------+-------++-------
Melee: Flail             |    96 |    34 ||   130
       Headbutt          |     7 |    13 ||    20
       Morningstar       |       |    89 ||    89
Throw: Throwing net      |       |     1 ||     1
Invok: Purification      |       |     1 ||     1
  Use: Potion            |     2 |     6 ||     8
       Scroll            |       |     9 ||     9
Armor: Scale mail        |    62 |    20 ||    82
       Chain mail        |       |    99 ||    99
Dodge: Dodged            |    72 |    65 ||   137
Block: Buckler           |     5 |       ||     5
       Kite shield       |    55 |    70 ||   125

Table legend: (Time is in decaauts)
 A = Elapsed time spent in this place.
 B = Non-inter-level travel time spent in this place.
 C = Inter-level travel time spent in this place.
 D = Time resting spent in this place.
 E = Time spent auto-exploring this place.
 F = Levels seen in this place.
 G = Mean time per level.
                   A        B        C        D        E       F      G
               +--------+--------+--------+--------+--------+-----+--------+
         Total |   4343 |   4096 |    247 |   1319 |   2053 |   4 | 1085.8 |
       Dungeon |   4343 |   4096 |    247 |   1319 |   2053 |   4 | 1085.8 |
               +--------+--------+--------+--------+--------+-----+--------+

Top non-repeatable levels by time:
     D:1: 1692 daAuts
     D:2: 1159 daAuts
     D:3: 998 daAuts
     D:4: 492 daAuts
